 Dungeon Crawl Stone Soup version 0.26.1-2-gb8aa6d0cf2 (webtiles) character file.

Game seed: 1558977131092978989

117336 funkygono the Fiendish (level 16, 0/100 HPs)
             Began as a Gargoyle Monk on Feb 14, 2021.
             Was a Priest of Makhleb.
             Killed by divine providence
             ... invoked by a meliai
              (12 damage)
             ... on level 3 of the Spider Nest on Feb 15, 2021.
             The game lasted 01:22:12 (28101 turns).

funkygono the Fiendish (Gargoyle Monk)             Turns: 28101, Time: 01:22:13

Health: 0/100      AC: 42    Str: 35    XL:     16   Next: 73%
Magic:  28/28      EV:  9    Int: 10    God:    Makhleb [***...]
Gold:   2788       SH: 25    Dex: 12    Spells: 15/15 levels left

rFire    . . .     SeeInvis .   P - +5 flail of the Inferno {flame, Str+6}
rCold    . . .     Faith    .   I - +2 tower shield
rNeg     + . .     Spirit   .   u - +5 plate armour
rPois    ∞         Reflect  .   K - +2 helmet
rElec    +         Harm     .   A - scarf {repulsion}
rCorr    .         Rampage  .   w - +2 pair of gloves
Will     +....                  (no boots)
Stlth    ..........             t - amulet of regeneration
HPRegen  0.66/turn              k - +6 ring of strength
MPRegen  0.21/turn              s - +4 ring of protection

@: flying, repel missiles
A: big wings, negative energy resistance 1, electricity resistance, unbreathing,
petrification resistance, miasma immunity, AC +12
a: Stop Flying, Renounce Religion, Minor Destruction, Lesser Servant of Makhleb


You were on level 3 of the Spider Nest.
You worshipped Makhleb.
Makhleb was most pleased with you.
You visited 5 branches of the dungeon, and saw 25 of its levels.
You also visited: Ossuary and Bailey.

You collected 3508 gold pieces.
You spent 720 gold pieces at shops.

Inventory:

Hand Weapons
 P - the +5 flail of the Inferno (weapon) {flame, Str+6}
   (You took it off a centaur on level 7 of the Dungeon)

   It has been specially enchanted to burn those struck by it, causing extra
   injury to most foes and up to half again as much damage against particularly
   susceptible opponents.
   It affects your strength (+6).
Armour
 u - a +5 plate armour (worn)
 w - a +2 pair of gloves (worn)
 A - a scarf of repulsion (worn)
 I - a +2 tower shield (worn)
 K - a +2 helmet (worn)
Jewellery
 a - an uncursed ring of see invisible
 k - a +6 ring of strength (left hand)
 s - a +4 ring of protection (right hand)
 t - an amulet of regeneration (around neck)
Wands
 c - a wand of random effects (49)
 i - a wand of disintegration (12)
 p - a wand of acid (10)
 x - a wand of flame (20)
 E - a wand of digging (4)
 L - a wand of iceblast (35)
Scrolls
 b - 8 scrolls of teleportation
 e - 3 scrolls of blinking
 g - 9 scrolls of remove curse
 l - a scroll of magic mapping
 v - 2 scrolls of fear
 C - a scroll of summoning
 D - 3 scrolls of identify
 J - 3 scrolls of fog
Potions
 h - 7 potions of attraction
 j - 9 potions of curing
 m - 7 potions of mutation
 o - a potion of heal wounds
 B - 2 potions of invisibility
 G - 2 potions of ambrosia
 H - 4 potions of haste
 S - a potion of might


   Skills:
 + Level 11.2 Fighting
 + Level 14.5 Maces & Flails
 + Level 10.0 Armour
 + Level 5.2 Dodging
 + Level 3.6 Stealth
 + Level 15.5 Shields
 + Level 16.2 Invocations
 + Level 0.3 Evocations


You had 15 spell levels left.
You didn't know any spells.
Your spell library contained the following spells:

 Spells                   Type           Power        Failure   Level
 Animate Skeleton         Necr           0%           100%        1
 Apportation              Tloc           0%           100%        1
 Corona                   Hex            0%           100%        1
 Freeze                   Ice            0%           100%        1
 Magic Dart               Conj           0%           100%        1
 Summon Small Mammal      Summ           0%           100%        1
 Call Imp                 Summ           0%           100%        2
 Searing Ray              Conj           0%           100%        2
 Call Canine Familiar     Summ           0%           100%        3
 Dazzling Flash           Conj/Hex       0%           100%        3
 Frozen Ramparts          Ice            0%           100%        3
 Ozocubu's Armour         Ice            0%           100%        3
 Static Discharge         Conj/Air       0%           100%        3
 Summon Guardian Golem    Hex/Summ       0%           100%        3
 Fulminant Prism          Conj/Hex       0%           100%        4
 Hailstorm                Conj/Ice       0%           100%        4
 Iskenderun's Mystic Bla  Conj/Tloc      0%           100%        4
 Summon Ice Beast         Ice/Summ       0%           100%        4
 Summon Lightning Spire   Summ/Air       0%           100%        4
 Irradiate                Conj/Tmut      0%           100%        5
 Lightning Bolt           Conj/Air       0%           100%        5
 Hydra Form               Tmut           0%           100%        6
 Dragon Form              Tmut           0%           100%        7
 Ignition                 Fire           0%           100%        8
 Shatter                  Erth           0%           100%        9
 Tornado                  Air            0%           100%        9
 Statue Form              Tmut/Erth      Unusable     N/A         6

Dungeon Overview and Level Annotations

Branches:
Dungeon (13/15)            Temple (1/1) D:6            Lair (6/6) D:10
 Shoals (0/4) Lair:3       Spider (3/4) Lair:2        Slime (0/5) Lair:6
    Orc (2/2) D:12            Elf (0/3) Orc:2        Vaults (0/5) D:13
Ossuary (visited)          Bailey (visited)

Altars:
Ashenzari
Cheibriados
Dithmenos
Elyvilon
Fedhas
Gozag
Hepliaklqana
Kikubaaqudgha
Makhleb
Nemelex Xobeh
Okawaru
Qazlal
Ru
Sif Muna
Trog
Uskayaw
Vehumet
Wu Jian
Xom
Yredelemnul
Zin
The Shining One
Beogh
Jiyva

Shops:
Orc:2 [}*=

Portals:
Hell: Lair:6


Innate Abilities, Weirdness & Mutations

You are resistant to torment.
Your stone body is resilient. (AC +12)
You are immune to poison.
Your large and strong wings let you fly indefinitely.
You resist negative energy. (rN+)
You are resistant to electric shocks. (rElec)
You can survive without breathing.
You are immune to petrification.
You are immune to miasma.


Message History

A demon appears!
You can no longer hurl Makhleb's greater destruction.
You hear an angry buzzing noise.
The meliai invokes the aid of its god against you.
Something smites you!
* * * LOW HITPOINT WARNING * * *
The killer bee stings your hellwing but does no damage.
Your hellwing hits the killer bee.
The killer bee dies!
Makhleb accepts your kill. You block the meliai's attack.
The meliai hits your smoke demon with a +0 war axe.
You block the meliai's attack.
You hit the meliai. You burn the meliai.
You kill the meliai!
Makhleb accepts your kill.
You hear an angry buzzing noise.
The meliai invokes the aid of its god against you.
Something smites you!
You die...

....#y.y#y.# ..
#.#.†##.yy.†
##.y##.y#yys.
##.ys.##.#.yy!
##syy.^# ## y†. ##
#yyyy..## ##.
..#.##. ##syyyy...#
.
.....44##ssyyy..#...
#@)####..####..
###3.##.## #
###..^## #......##
##...>...##.
#........#.#
#.........^### .
##...†.........
..#..............


You could see a queen bee, 4 redbacks, 2 meliai, 11 killer bees, 2 friendly
hellwings and a friendly smoke demon (summoned).

Vanquished Creatures
  Arachne (Spider:2)
  An orc warlord (Orc:1)
  An emperor scorpion (Spider:2)
  Nessos (D:13)
  2 entropy weavers (Spider:2)
  The ghost of Yntoarho the Carver, a journeyman DsGl of Hepliaklqana (Lair:3)
  Snorg (D:13)
  8 vault guards (D:13)
  Fannar (Lair:2)
  5 boulder beetles
  Erolcha (D:11)
  10 hydras
  9 two-headed ogres
  5 death yaks (Lair:5)
  An orc high priest (Orc:1)
  Urug (Lair:6)
  A sun demon (Lair:6)
  A wizard (Lair:6)
  2 unseen horrors
  2 oklob plants
  10 wolf spiders
  A deep elf mage (D:13)
  2 orb spiders (Spider:1)
  4 cyclopes
  8 orc sorcerers
  4 ugly things
  6 black mambas
  24 elephants
  Joseph (D:9)
  A smoke demon (Lair:6)
  A torpor snail (Lair:6)
  A merfolk siren (Lair:3)
  Maggie (D:8)
  3 orange demons (Lair:6)
  3 gargoyles
  9 rime drakes
  13 cane toads
  A freezing wraith (D:11)
  4 komodo dragons
  2 red devils (Lair:6)
  6 demonic crawlers
  4 meliai
  3 polar bears
  A merfolk (Lair:3)
  7 trolls
  9 jumping spiders
  A hornet (D:8)
  32 blink frogs
  A dream sheep (Lair:6)
  24 redbacks
  A wyvern (Lair:1)
  49 yaks
  14 tarantellas
  2 wraiths (D:11)
  A shadow (D:12)
  9 basilisks
  Menkaure (D:6)
  7 wargs
  2 acid dragons
  15 water moccasins
  5 hell hounds (Lair:6)
  2 black bears
  3 ice beasts
  2 eyes of draining
  21 orc warriors
  4 phantoms
  A sky beast (D:11)
  4 necrophages
  8 ogres
  4 centaurs
  4 wolves (Lair:6)
  A big kobold (D:11)
  14 bullfrogs
  5 gnoll sergeants (Bailey)
  2 wyvern skeletons
  A water moccasin zombie (Ossuary)
  6 scorpions
  3 troll zombies (D:12)
  10 killer bees
  5 electric eels
  4 howler monkeys
  A centaur zombie (D:11)
  A quasit (D:8)
  2 bullfrog zombies
  5 jellies
  5 gnoll shamans (Bailey)
  9 hounds
  14 orc priests
  30 orc wizards
  A bullfrog skeleton (D:13)
  4 centaur skeletons
  Natasha (thrice) (D:4)
  4 iguanas
  7 hell rats
  9 worker ants
  A killer bee zombie (D:7)
  3 ogre zombies (D:12)
  4 big kobold zombies (Ossuary)
  2 hound zombies
  3 hound skeletons
  2 mummies (Ossuary)
  16 gnolls
  9 adders
  A shadow imp (D:7)
  A white imp (D:7)
  2 ufetubi
  2 oozes
  8 adder zombies
  A worm (D:4)
  3 dart slugs
  2 leopard geckos
  73 orcs
  3 ball pythons
  3 bats
  3 giant cockroaches
  A gnoll zombie (Ossuary)
  7 goblins
  6 hobgoblins
  11 jackals
  9 kobolds
  5 quokkas
  2 frilled lizards
  2 goblin skeletons (D:12)
  A goblin zombie (D:12)
  A hobgoblin skeleton (D:12)
  12 hobgoblin zombies
  2 jackal skeletons
  4 kobold zombies (Ossuary)
  An orc skeleton (D:12)
  15 orc zombies
  A rat (D:2)
769 creatures vanquished.

Vanquished Creatures (collateral kills)
  Rupert (D:13)
  A centaur warrior (D:13)
  2 orc sorcerers (Orc:2)
  2 orb spiders (Spider:2)
  An orc knight (Orc:1)
  A wolf spider (Spider:2)
  2 cane toads (Lair:2)
  A demonic crawler (Spider:2)
  4 redbacks (Spider:2)
  6 tarantellas (Spider:2)
  A yak (D:10)
  3 wargs (Orc:2)
  An orc warrior (Orc:1)
  3 gnoll sergeants (Bailey)
  3 killer bees (Spider:3)
  2 orc priests (Orc:1)
  9 orc wizards
  A gnoll shaman (Bailey)
  3 gnolls (Bailey)
  20 orcs
67 creatures vanquished.

Vanquished Creatures (others)
  An orc priest (Orc:2)
  An orc wizard (Orc:2)
  An orc (Orc:2)
  72 fungi
  74 plants
149 creatures vanquished.

Grand Total: 985 creatures vanquished

Notes
Turn   | Place    | Note
-------+----------+-------------------------------------------
     0 | D:1      | funkygono the Gargoyle Monk began the quest for the Orb.
     0 | D:1      | Reached XP level 1. HP: 14/14 MP: 1/1
    61 | D:1      | Reached XP level 2. HP: 14/19 MP: 2/2
  1111 | D:2      | Reached XP level 3. HP: 23/23 MP: 3/3
  1282 | D:2      | Found a faded altar of an unknown god.
  1921 | D:3      | Reached XP level 4. HP: 21/29 MP: 4/4
  2045 | D:3      | Found a white marble altar of Elyvilon.
  2715 | D:4      | Found a sand-covered staircase.
  2723 | Ossuary  | Entered an ossuary
  2749 | Ossuary  | Reached skill level 1 in Armour
  2749 | Ossuary  | Reached XP level 5. HP: 32/34 MP: 5/5
  2891 | Ossuary  | Reached skill level 5 in Maces & Flails
  2891 | Ossuary  | Reached XP level 6. HP: 33/39 MP: 6/6
  3563 | D:4      | Noticed Natasha
  3575 | D:4      | Killed Natasha
  4176 | D:4      | Noticed Natasha
  4183 | D:4      | Killed Natasha
  4344 | D:4      | Noticed Natasha
  4354 | D:4      | Killed Natasha
  4355 | D:4      | Reached XP level 7. HP: 42/44 MP: 7/7
  4376 | D:5      | Entered Level 5 of the Dungeon
  4616 | D:5      | Found a shimmering altar of Xom.
  4656 | D:5      | Reached skill level 5 in Fighting
  5264 | D:6      | Noticed Menkaure
  5274 | D:6      | Killed Menkaure
  5275 | D:6      | Reached XP level 8. HP: 31/49 MP: 8/8
  5542 | D:6      | Found a staircase to the Ecumenical Temple.
  5815 | D:6      | Found a blossoming altar of Fedhas.
  5816 | D:6      | Found a broken altar of Ashenzari.
  5928 | D:6      | Found a glowing silver altar of Zin.
  6235 | D:7      | Reached skill level 5 in Armour
  6644 | D:7      | Reached XP level 9. HP: 52/55 MP: 9/9
  6680 | D:7      | Identified the +5 flail of the Inferno {flame, Str+6}
  6697 | D:7      | Reached skill level 1 in Shields
  7174 | Temple   | Entered the Ecumenical Temple
  7182 | Temple   | Became a worshipper of Makhleb the Destroyer
  7182 | Temple   | Reached * piety under Makhleb
  7182 | Temple   | Reached ** piety under Makhleb
  7409 | D:8      | Noticed a hornet
  7419 | D:8      | Killed a hornet
  7467 | D:8      | Found a sparkling altar of Nemelex Xobeh.
  7535 | D:8      | Noticed Maggie
  7552 | D:8      | Killed Maggie
  7811 | D:8      | Found a faded altar of an unknown god.
  7811 | D:8      | Found a radiant altar of Vehumet.
  7811 | D:8      | Noticed a two-headed ogre
  7820 | D:8      | Killed a two-headed ogre
  7821 | D:8      | Reached skill level 10 in Maces & Flails
  7821 | D:8      | Reached skill level 5 in Shields
  7821 | D:8      | Reached skill level 1 in Invocations
  7821 | D:8      | Reached XP level 10. HP: 61/61 MP: 10/10
  7827 | D:8      | Found a shimmering blue altar of Sif Muna.
  7829 | D:8      | Found a faded altar of an unknown god.
  7831 | D:8      | Found a basalt altar of Yredelemnul.
  8120 | D:8      | Noticed a two-headed ogre
  8126 | D:8      | Killed a two-headed ogre
  8127 | D:8      | Reached skill level 2 in Invocations
  8556 | D:9      | Noticed Joseph
  8581 | D:9      | Killed Joseph
  8582 | D:9      | Reached skill level 3 in Invocations
  8741 | D:9      | Reached skill level 4 in Invocations
  8947 | D:9      | Reached skill level 5 in Invocations
  9004 | D:9      | Reached *** piety under Makhleb
  9067 | D:9      | Noticed a two-headed ogre
  9076 | D:9      | Killed a two-headed ogre
  9077 | D:9      | Reached skill level 6 in Invocations
  9077 | D:9      | Reached XP level 11. HP: 48/67 MP: 15/15
  9338 | D:10     | Entered Level 10 of the Dungeon
  9338 | D:10     | Noticed a two-headed ogre
  9350 | D:10     | Killed a two-headed ogre
  9456 | D:10     | Noticed an eight-headed hydra
  9462 | D:10     | Killed an eight-headed hydra
  9463 | D:10     | Reached skill level 7 in Invocations
  9480 | D:10     | Got a transparent war axe
  9481 | D:10     | Identified the +9 war axe "Qexu Akk" {flame, Fragile rElec
                  | Will+ Dex+7} (You found it on level 10 of the Dungeon)
 10286 | D:10     | Found a staircase to the Lair.
 10497 | D:11     | Noticed a red ugly thing
 10505 | D:11     | Killed a red ugly thing
 10559 | D:11     | Noticed a red ugly thing
 10574 | D:11     | Killed a red ugly thing
 10759 | D:11     | Reached skill level 8 in Invocations
 10806 | D:11     | Reached **** piety under Makhleb
 11250 | D:11     | Killed an unseen horror
 11261 | D:11     | Noticed a white ugly thing
 11281 | D:11     | Killed a white ugly thing
 11282 | D:11     | Reached XP level 12. HP: 62/73 MP: 18/18
 11669 | D:11     | Noticed a boulder beetle
 11701 | D:11     | Killed a boulder beetle
 12006 | D:11     | Noticed a two-headed ogre
 12012 | D:11     | Killed a two-headed ogre
 12013 | D:11     | Reached skill level 9 in Invocations
 12141 | D:11     | Noticed Erolcha
 12156 | D:11     | Killed Erolcha
 12157 | D:11     | Reached skill level 10 in Shields
 12751 | D:12     | Found a staircase to the Orcish Mines.
 12801 | D:12     | Reached ***** piety under Makhleb
 12983 | D:12     | Noticed a two-headed ogre
 12992 | D:12     | Killed a two-headed ogre
 13065 | D:12     | Reached skill level 10 in Invocations
 13159 | D:12     | Noticed a two-headed ogre
 13159 | D:12     | Noticed a five-headed hydra
 13175 | D:12     | Killed a two-headed ogre
 13176 | D:12     | Reached XP level 13. HP: 79/79 MP: 20/20
 13612 | Lair:1   | Entered Level 1 of the Lair of Beasts
 14795 | Lair:2   | Reached skill level 11 in Invocations
 15022 | Lair:2   | Noticed Fannar
 15068 | Lair:2   | Killed Fannar
 15126 | Lair:2   | Found a hole to the Spider Nest.
 15681 | Lair:3   | Reached skill level 12 in Invocations
 15904 | Lair:3   | Gained mutation: Your large and strong wings let you fly
                  | indefinitely. [Gargoyle growth]
 15904 | Lair:3   | Reached XP level 14. HP: 86/86 MP: 23/23
 16117 | Lair:3   | Found a staircase to the Shoals.
 16330 | Lair:3   | Found a runed translucent gate.
 16330 | Lair:3   | Found a runed translucent gate.
 16330 | Lair:3   | Found a runed translucent gate.
 16656 | Lair:3   | Noticed Yntoarho's ghost (journeyman DsGl)
 16680 | Lair:3   | Killed Yntoarho's ghost
 17464 | Lair:4   | Reached skill level 13 in Invocations
 18653 | Lair:5   | Reached skill level 14 in Invocations
 20111 | Lair:6   | Entered Level 6 of the Lair of Beasts
 20118 | Lair:5   | Reached XP level 15. HP: 91/91 MP: 26/26
 20566 | Lair:6   | Reached skill level 10 in Fighting
 21081 | Lair:6   | Noticed Urug
 21090 | Lair:6   | Killed Urug
 21091 | Lair:6   | Reached skill level 15 in Invocations
 21094 | Lair:6   | Found a burning altar of Makhleb.
 21420 | Lair:6   | Found a gateway to Hell.
 21586 | Lair:6   | Found a viscous altar of Jiyva.
 21586 | Lair:6   | Found a staircase to the Slime Pits.
 22475 | Spider:1 | Entered Level 1 of the Spider Nest
 22603 | Spider:1 | HP: 4/92 [tarantella (6)]
 23104 | Spider:1 | Got a smoking copper ring
 23314 | Spider:1 | Reached skill level 5 in Dodging
 23397 | Spider:1 | Identified the ring "Xastroupt" {rPois Int+2} (You found it
                  | on level 1 of the Spider Nest)
 23609 | Orc:1    | Entered Level 1 of the Orcish Mines
 23699 | Orc:1    | Found a radiant altar of Vehumet.
 23866 | Orc:2    | Entered Level 2 of the Orcish Mines
 23868 | Orc:2    | Noticed an orc warlord
 23927 | Orc:1    | Killed an orc warlord
 23988 | Orc:2    | Found a staircase to the Elven Halls.
 24394 | Orc:2    | Found Orhixa Eroi's Assorted Antiques.
 24394 | Orc:2    | Found Heam's Jewellery Shoppe.
 24405 | Orc:2    | Paralysed by an orc sorcerer for 3 turns
 24586 | Orc:2    | Found a roughly hewn altar of Beogh.
 24600 | Orc:2    | Found Idungun's Gadget Shoppe.
 24634 | Orc:2    | Found Tounaromn's Armour Shop.
 24654 | Orc:2    | Paralysed by an orc sorcerer for 3 turns
 24751 | Orc:2    | Bought an uncursed amulet of regeneration for 480 gold
                  | pieces
 25503 | D:13     | Reached XP level 16. HP: 98/98 MP: 27/27
 25577 | D:13     | Found a gate to the Vaults.
 25650 | D:13     | Reached skill level 16 in Invocations
 25996 | D:13     | Found a flagged portal.
 26015 | Bailey   | Entered a bailey
 26462 | D:13     | Noticed Nessos
 26497 | D:13     | Killed Nessos
 26554 | D:13     | Noticed Snorg
 26567 | D:13     | Killed Snorg
 26627 | D:13     | Noticed Rupert
 26639 | D:13     | Killed Rupert
 27004 | Orc:2    | Bought an uncursed ring of see invisible for 240 gold
                  | pieces
 27292 | Spider:2 | Noticed Arachne
 27394 | Spider:2 | Reached skill level 15 in Shields
 27467 | Spider:2 | Killed Arachne
 27714 | Spider:2 | Reached skill level 10 in Armour
 28090 | Spider:3 | HP: 1/100 [meliai/+0 war axe (7)]
 28101 | Spider:3 | Killed from afar by a meliai

Illustrated notes

Levels and vault maps discovered:
D:1:      lightli_arrival_quake, layout_rooms
D:2:      layout_basic, chequers_ecumenical_altar_simple
D:3:      layout_loops_ring, marbit_many_paths
D:4:      layout_basic, nicolae_ossuary_entry_plus, chequers_decorated_corner,
          uniq_natasha
D:5:      layout_cave_pools, lemuel_tele_altar
D:6:      layout_gridville, nicolae_overflow_hidden_temple,
          minmay_temple_entry_from_below_b, grunt_ministairs_7,
          minmay_starry_boxes, uniq_menkaure
D:7:      layout_loops_cross, serial_glass, glass_columns_a, glass_columns_a,
          feat_on_display, kennysheep_generic_room_7
D:8:      layout_loops_cross, chequers_temple_overflow_minitemple,
          nemelex_xobeh_ov_fountains_minmay, hangedman_decor_lopped,
          minivault_22, dk_noncrumbling_4, uniq_maggie
D:9:      layout_cave_pools, grunt_tough_drop, uniq_joseph
D:10:     layout_basic, lair_entry_dummy
D:11:     minmay_polygon_palace, layout_gridville, uniq_erolcha
D:12:     layout_big_octagon, zombieorc1_lemuel, serial_rivers,
          chequers_serial_rivers_small_3, chequers_serial_rivers_small_3,
          chequers_serial_rivers_micro_e, chequers_serial_rivers_small_3,
          chequers_serial_rivers_micro_a, minmay_strange_pillars
D:13:     layout_roguey, erik_vaults_2, enter_bailey_7, uniq_snorg, uniq_rupert,
          uniq_nessos
Temple:   eino_narrow_crystal_temple
Lair:1:   layout_cave_shapes, chequers_serial_rivers_large_a,
          grunt_megastairs_4, serial_bayou_shore_b, infiniplex_staircase_pool,
          lemuel_fruit_tree, serial_bayou_shore_b, serial_bayou_shore_b
Lair:2:   layout_gridlike, spider_nest_entry_web_field,
          infiniplex_staircase_pool_2, uniq_fannar
Lair:3:   layout_misc_corridors, elwin_shoals_entry_rooms,
          gammafunk_ghost_hydra_chop, minmay_lair_oklob_items
Lair:4:   layout_loops_ring
Lair:5:   layout_layer_cave, chequers_serial_rivers_micro_b, serial_bayou_lake_a
Lair:6:   evil_forest, layout_loops_ring, dpeg_slime_entry_enclosed_altar,
          grunt_megastairs_2, uniq_urug
Spider:1: layout_spider_delve
Spider:2: layout_spider_delve, uniq_arachne
Spider:3: layout_chambers, special_room [special_room_bee]
Orc:1:    layout_diamond_mine, basic_altar
Orc:2:    st_orc_town, layout_caves

Skill      XL: |  1  2  3  4  5  6  7  8  9 10 11 12 13 14 15 16 |
---------------+-------------------------------------------------+-----
Maces & Flails | 4 5 6 7 8 10 11 12 13 14 | 14.5
Fighting       | 4 5 6 7 8 9 10 11 | 11.2
Armour         | 1 2 3 5 6 7 8 9 10 | 10.0
Dodging        | 3 4 5 |  5.2
Shields        | 5 6 8 10 11 12 14 15 | 15.5
Stealth        | 3 |  3.6
Invocations    | 1 6 8 10 12 14 15 16 | 16.2
Evocations     | |  0.3

Action                   |  1- 3 |  4- 6 |  7- 9 | 10-12 | 13-15 | 16-18 || total
-------------------------+-------+-------+-------+-------+-------+-------++-------
Melee: Mace              |   125 |   266 |   247 |       |       |       ||   638
       Flail             |       |       |    52 |   574 |  1265 |   486 ||  2377
Invok: Minor Destruction |       |       |     3 |   186 |   127 |    12 ||   328
       Lesser Servant of |       |       |       |     2 |    13 |    25 ||    40
       Major Destruction |       |       |       |    11 |   170 |     8 ||   189
 Abil: Fly               |       |       |       |       |     1 |       ||     1
Evoke: Wand              |       |       |       |       |       |     1 ||     1
  Use: Scroll            |     6 |     7 |    10 |     7 |    10 |     3 ||    43
       Potion            |       |       |       |     1 |     3 |     7 ||    11
 Stab: Distracted        |       |       |       |       |     1 |     2 ||     3
Armor: Chain mail        |    91 |   179 |   170 |   199 |   676 |    25 ||  1340
       Plate armour      |       |       |       |       |       |   401 ||   401
Dodge: Dodged            |    40 |   103 |    84 |    78 |   302 |   198 ||   805
       Repelled          |       |       |       |     3 |     8 |     2 ||    13
Block: Tower shield      |       |       |   110 |   479 |  1415 |   832 ||  2836
